Map: 2000 Atmospheres LE

Players

A.I. 1 (Very Easy)

  • Race: Zerg Zerg
  • Spawn Location: 3:00

RustyShacky

  • Race: Terran Terran
  • League: Diamond
  • Spawn Location: 7:00

VOD

Have the link to the VOD?

Description

Time

  • Played on: May 15, 2022, 11:22 p.m.
  • Length: 10:37
Show
View Real Time Build Order
Export as new Build Order

A.I. 1 (Very Easy) Zerg 

Build Orders: Pool First 

Get SALT Encoding   

  12  0:01  Drone  
  13  0:12  Overlord  
  13  0:16  Drone  
  14  0:35  Spawning Pool  
  14  0:37  Extractor  
  14  0:39  Drone  
  13  0:47  Drone  
  14  0:51  Overlord  
  14  1:23  Zergling x2, Queen  
  17  1:30  Roach Warren  
  16  1:34  Drone  
  16  1:39  Extractor  
  16  1:40  Zergling x2  
  16  1:43  Drone  
  18  1:56  Drone  
  18  1:57  Zergling x2  
  20  2:06  Drone  
  21  2:17  Drone  
  22  2:28  Drone  
  23  2:30  Overlord  
  23  2:35  Drone  
  24  2:42  Drone  
  25  5:37  Drone  
  25  5:38  Lair  
  26  5:44  Drone  
  27  5:52  Drone  
  28  5:59  Drone  
  28  6:00  Overlord  
  29  6:06  Drone  
  29  6:07  Zergling x2  
  28  6:30  Zergling x2  
  29  6:35  Overseer x2  
  29  6:40  Spire  
  29  6:41  Drone  
  29  6:54  Zergling x2  
  30  7:12  Hatchery  
  29  7:53  Mutalisk  
  31  8:01  Overseer  
  31  8:24  Drone  
  32  8:32  Drone  
  32  8:33  Extractor  
  32  8:36  Extractor  
  32  8:39  Drone  
  32  8:46  Drone  
  33  8:53  Drone  
  34  9:00  Drone  
  35  9:07  Drone  
  36  9:15  Drone  
  36  9:16  Overlord  
  37  9:22  Drone  
  38  9:29  Drone  
  39  9:37  Drone  
  40  9:39  Overlord, Overseer  
  40  9:44  Zergling x2, Drone  
  37  9:51  Drone  
  38  9:53  Overseer  
  38  9:58  Overlord  
  38  10:04  Drone  
  30  10:07  Mutalisk  
  30  10:11  Drone  
  17  10:18  Drone  
Show
View Real Time Build Order
Export as new Build Order

RustyShacky Terran 

Build Orders: Hellion Opening, Mech 

Get SALT Encoding   

  12  0:00  SCV  
  13  0:12  SCV  
  14  0:16  Supply Depot  
  14  0:24  SCV  
  15  0:38  SCV  
  15  0:39  Barracks  
  16  0:43  Refinery  
  16  0:50  SCV  
  17  1:02  SCV  
  18  1:14  SCV  
  19  1:26  Orbital Command, Marine  
  20  1:44  Command Center  
  20  1:46  Marine  
  21  1:53  SCV  
  21  2:03  Factory  
  21  2:07  SCV  
  22  2:11  Supply Depot  
  22  2:19  SCV  
  22  2:20  Barracks Reactor  
  23  2:27  Refinery  
  23  2:33  SCV  
  24  2:45  SCV  
  24  2:48  Starport  
  25  2:55  Orbital Command  
  25  2:57  SCV  
  26  3:02  Hellion  
  26  3:03  Hellion  
  30  3:09  SCV  
  31  3:21  SCV x2  
  31  3:23  Hellion  
  31  3:24  Hellion  
  37  3:27  Fusion Core  
  37  3:33  Supply Depot  
  37  3:34  SCV  
  38  3:35  SCV  
  39  3:41  Viking  
  39  3:45  Hellion  
  39  3:47  SCV  
  44  3:49  SCV  
  45  3:55  Supply Depot  
  45  3:57  Hellion  
  45  3:59  SCV  
  45  4:01  SCV  
  49  4:08  Hellion  
  51  4:12  Starport Tech Lab  
  51  4:13  SCV x2  
  53  4:21  Hellion, Supply Depot  
  55  4:25  SCV x2  
  57  4:38  SCV x2  
  59  4:43  Hellion x2, Battlecruiser  
  59  4:44  Supply Depot  
  69  4:47  Supply Depot  
  69  4:50  SCV  
  70  5:00  Refinery  
  70  5:01  Refinery  
  70  5:05  SCV  
  70  5:06  SCV  
  72  5:10  Command Center  
  72  5:11  Hellion  
  76  5:14  Hellion  
  76  5:16  Supply Depot  
  76  5:18  SCV x2  
  78  5:22  Supply Depot  
  78  5:35  Hellion  
  80  5:36  Hellion, Factory  
  80  5:37  Factory  
  82  5:48  Battlecruiser  
  88  5:52  Supply Depot  
  88  5:56  Supply Depot  
  88  6:05  Hellion x2  
  92  6:19  Factory Tech Lab, Supply Depot  
  92  6:20  Factory Tech Lab  
  92  6:23  Supply Depot  
  92  6:24  Armory  
  92  6:29  Hellion x2  
  92  6:30  SCV x2  
  98  6:38  Siege Tank x2  
  104  6:42  SCV x2, Orbital Command  
  108  6:54  SCV x2  
  108  6:57  Battlecruiser  
  114  7:03  Supply Depot  
  114  7:04  Supply Depot  
  114  7:05  Hellion x2  
  114  7:06  SCV x2  
  120  7:09  SCV  
  121  7:17  Thor  
  121  7:18  SCV x2  
  121  7:21  SCV  
  130  7:26  Thor  
  136  7:30  SCV x2  
  136  7:31  Refinery  
  136  7:32  Refinery  
  136  7:33  Supply Depot  
  136  7:34  SCV  
  136  7:35  Supply Depot  
  139  7:41  Terran Vehicle And Ship Armor Level 1  
  139  7:42  SCV x2  
  141  7:45  Hellion x2  
  141  7:46  SCV  
  141  7:48  Weapon Refit  
  146  7:59  Supply Depot  
  146  8:01  SCV x3  
  146  8:05  Supply Depot  
  149  8:06  Thor  
  149  8:08  Hellion x2  
  159  8:13  Siege Tank, SCV x3  
  165  8:27  Command Center  
  165  8:30  Supply Depot  
  165  8:31  Hellion x2  
  165  8:33  Battlecruiser  
  175  8:36  Infernal Pre-Igniter  
  175  8:43  Engineering Bay  
  175  8:51  Factory  
  175  8:52  Hellion x2  
  175  8:53  Hellion x2, Factory  
  183  9:14  Thor x2  
  183  9:15  Hellion x2  
  199  9:27  Armory  
  199  9:32  Factory  
  199  9:49  Refinery  
  199  9:54  Sensor Tower  
  199  9:57  Refinery  
  199  9:59  Factory  
  199  10:23  Missile Turret  
Tags
 
Add a new tag
Caveats
  • Supply blocks, unpowered buildings, or Contaminate may cause inaccurate times.
  • Supply counts are checked every 10 seconds.